 Dungeon Crawl Stone Soup version 0.31-a0-986-g5e6e4ef867 (webtiles) character file.

Game seed: 6603009317369764658

328 Ekaitz the Gusty (level 6, 0/35 HPs)
             Began as a Tengu Air Elementalist on Nov 4, 2023.
             Was an Initiate of Vehumet.
             Slain by an ogre
             ... wielding a +0 giant spiked club
              (19 damage)
             ... on level 4 of the Dungeon.
             The game lasted 00:05:46 (4390 turns).

Ekaitz the Gusty (Tengu Air Elementalist)           Turns: 4390, Time: 00:05:47

Health: 0/35       AC:  3    Str:  8    XL:     6   Next: 50%
Magic:  2/11       EV: 28    Int: 17    God:    Vehumet [......]
Gold:   144        SH:  0    Dex: 21    Spells: 1/11 levels left

rFire   + . .        q - +2 short sword (drain)
rCold   x . .        (no shield)
rNeg    . . .        a - +0 robe
rPois   .            (helmet restricted)
rElec   .            (no cloak)
rCorr   .            c - +0 pair of gloves
SInv    .            (boots unavailable)
Will    .....        (no amulet)
Stlth   ++           k - ring of fire
HPRegen 0.25/turn    A - +6 ring of dexterity
MPRegen 0.12/turn

%: acrobat
@: acrobatic
A: beak, talons 3, acrobatic
a: Renounce Religion


You were on level 4 of the Dungeon.
You worshipped Vehumet.
Vehumet was noncommittal.
You visited 1 branch of the dungeon, and saw 5 of its levels.

You collected 186 gold pieces.
You spent 42 gold pieces at shops.

Inventory:

Hand Weapons
 h - a +2 whip of electrocution
 q - a +2 short sword of draining (weapon)
Missiles
 r - 2 poisoned darts
 t - 5 javelins
Armour
 a - a +0 robe (worn)
 c - a +0 pair of gloves (worn)
 m - a +2 ring mail of fire resistance
Jewellery
 k - a ring of fire (left hand)
 A - a +6 ring of dexterity (right hand)
Wands
 z - a wand of iceblast (7)
Scrolls
 i - 6 scrolls of identify {unknown}
 j - a scroll of noise {unknown}
 n - a scroll of brand weapon {unknown}
 o - 3 scrolls of immolation {unknown}
 p - a scroll of silence {unknown}
 s - 2 scrolls of blinking {unknown}
 u - 3 scrolls of revelation {unknown}
 w - a scroll of poison {unknown}
 x - a scroll of vulnerability {unknown}
 y - a scroll of butterflies {unknown}
Potions
 b - a potion of magic
 d - 4 potions of curing
 e - 2 potions of attraction {unknown}
 f - a potion of enlightenment {unknown}
 g - 3 potions of haste {unknown}
 l - 3 potions of berserk rage {unknown}
 v - a potion of heal wounds {unknown}


   Skills:
 * Level 1.8 Fighting
 + Level 0.1 Maces & Flails
 * Level 3.0 Dodging
 + Level 2.3 Stealth
 + Level 3.1 Spellcasting
 + Level 3.0 Conjurations
 * Level 6.9 Air Magic


You had one spell level left.
You knew the following spells:

 Your Spells              Type           Power      Damage    Failure   Level
a - Shock                 Conj/Air       76%        1d7       2%          1
b - Static Discharge      Conj/Air       38%        3-5/arc   3%          2
c - Swiftness             Air            26%        N/A       3%          3
d - Airstrike             Air            13%        2d(2-18)  10%         4

Your spell library contained the following spells:

 Spells                   Type           Power      Damage    Failure   Level
 Kiss of Death            Conj/Necr      28%        2d7       10%         1
 Necrotise                Necr           8%         1d4       17%         1
 Inner Flame              Hex/Fire       4%         N/A       45%         3
 Flame Wave               Conj/Fire      11%        2d6       67%         4
 Sticky Flame             Conj/Fire      11%        2d3       67%         4
 Manifold Assault         Tloc           2%         N/A       86%         4
 Dispersal                Tloc           1%         N/A       100%        6
 Disjunction              Tloc           1%         N/A       100%        8


Dungeon Overview and Level Annotations

Branches:
Dungeon (5/15)             Temple (0/1) D:4

Altars:
Ashenzari
Elyvilon
Fedhas
Gozag
Okawaru
Vehumet
Xom

Shops:
D:3 *   D:4 =


Innate Abilities, Weirdness & Mutations

You have a beak for a mouth.
You have claws for feet.
You can magically evade attacks while moving or waiting.


Message History

The gnoll is almost dead.
The lightning grounds out.
The gnoll hits you with a +0 club. The gnoll misses you.
Unknown command.
Unknown command.
Casting: Static Discharge (safe; 3% risk of failure)
Confirm with . or Enter, or press ? or * to list all spells.
The gnoll is struck by an arc of lightning.
The gnoll is almost dead.
You are struck by an arc of lightning.
The gnoll is struck by an arc of lightning.
You kill the gnoll!
Vehumet accepts your kill.
The lightning grounds out.
The scorpion stings you. The gnoll misses you.
Unknown command.
Unknown command.
Casting: Static Discharge (safe; 3% risk of failure)
Confirm with . or Enter, or press ? or * to list all spells.
The gnoll is struck by an arc of lightning.
You kill the gnoll!
Vehumet accepts your kill.
The scorpion is struck by an arc of lightning.
The scorpion is lightly wounded.
The ogre is struck by an arc of lightning.
The ogre is lightly wounded.
The scorpion is struck by an arc of lightning.
The scorpion is moderately wounded.
The lightning grounds out.
The scorpion closely misses you.
Your magical contamination has completely faded away.
The scorpion closely misses you. The ogre closely misses you.
The gnoll hits you with a +0 flail!
You climb upwards.
There is a stone staircase leading down here.
Unknown command.
The scorpion completely misses you. The scorpion attacks as it pursues you!
The scorpion barely misses you. The ogre attacks as it pursues you!
The ogre hits you with a +0 giant spiked club!!
Ouch! That really hurt!
You die...

....(..............##.....##.....
.###...............#####'###...##
...................#......##...##
8..8#...####.......#...........#.
....##....##.......+..<........#.
.....##.........∩..#...........#.
....###)......>.<..#...........#.
#######.........s..##.....##)..#.
.....⌠'.......gO@..#########...#.
_.._..#............#.......#.....
.....⌠#............#.......#.....
......#.........)>.#...........#.
#######...##.........##...#..##..
..........##........######..##...
#####.....##...[.....####..###.[.
########...............###...
#........#.#...>..#....


You could see an ogre, a scorpion and a gnoll.

Vanquished Creatures
  A phantom (D:4)
  A scorpion (D:4)
  A jelly (D:3)
  Jessica (D:2)
  Terence (D:2)
  2 gnolls (D:5)
  An adder (D:4)
  2 dart slugs
  3 orcs (D:3)
  7 ball pythons
  7 endoplasms
  3 giant cockroaches (D:1)
  9 goblins
  10 hobgoblins
  2 jackals (D:2)
  8 quokkas
  4 bats
  5 frilled lizards
  6 kobolds
  8 rats
82 creatures vanquished.

Notes
Turn   | Place    | Note
-------+----------+-------------------------------------------
     0 | D:1      | Ekaitz the Tengu Air Elementalist began the quest for the
                  | Orb.
     0 | D:1      | Reached XP level 1. HP: 10/10 MP: 4/4
   138 | D:1      | Reached XP level 2. HP: 8/15 MP: 0/6
   141 | D:1      | Learned a level 2 spell: Static Discharge
   657 | D:1      | Reached XP level 3. HP: 20/20 MP: 3/7
   661 | D:1      | Learned a level 3 spell: Swiftness
   769 | D:1      | Reached skill level 5 in Air Magic
  1222 | D:2      | Identified the "Zaah Ufe"
  1354 | D:2      | Reached skill level 1 in Fighting
  1997 | D:2      | Noticed Terence
  2010 | D:2      | Killed Terence
  2011 | D:2      | Reached XP level 4. HP: 7/25 MP: 0/8
  2213 | D:2      | Noticed Jessica
  2216 | D:2      | Killed Jessica
  2381 | D:3      | Reached XP level 5. HP: 29/29 MP: 6/9
  2609 | D:3      | Found an opulent altar of Gozag.
  3144 | D:3      | Found a broken altar of Ashenzari.
  3455 | D:3      | Found Liqett's General Store.
  3459 | D:3      | Bought a potion of curing for 42 gold pieces
  3465 | D:3      | Reached skill level 6 in Air Magic
  3620 | D:4      | Found a radiant altar of Vehumet.
  3658 | D:4      | Became a worshipper of Vehumet
  3717 | D:4      | Found a staircase to the Ecumenical Temple.
  3747 | D:4      | Found Veblen's Jewellery Boutique.
  3819 | D:4      | Found a shimmering altar of Xom.
  3819 | D:4      | Found an iron altar of Okawaru.
  3842 | D:4      | Reached XP level 6. HP: 19/34 MP: 4/11
  3847 | D:4      | Learned a level 4 spell: Airstrike
  4091 | D:4      | Found a blossoming altar of Fedhas.
  4141 | D:4      | Found a white marble altar of Elyvilon.
  4379 | D:5      | Entered Level 5 of the Dungeon
  4390 | D:4      | Slain by an ogre

Illustrated notes

Levels and vault maps discovered:
D:1:      lemuel_arrival_broad_hall, layout_rooms, serial_aquarium,
          aquarium_bridge_island_small [aquarium_subvault_small_water,
          aquarium_subvault_bridge, aquarium_subvault_wall,
          aquarium_subvault_wall, aquarium_subvault_bridge],
          aquarium_window_fake, aquarium_window_double, aquarium_window_3,
          aquarium_view_2b, aquarium_view_2c, aquarium_pool_2, minmay_tromino_i4
D:2:      layout_basic, minmay_misc_feat_chi, kennysheep_jessica_study,
          uniq_terence
D:3:      layout_basic, mainiacjoe_overflow_cross_hatched,
          mainiacjoe_overflow_paths, serial_shops, shop, minmay_misc_feat_tower
D:4:      layout_gridville, vehumet_crystals, elyvilon_altar_3,
          fedhas_altar_fruit_tree, jmf_multi_god_temple,
          minmay_temple_entry_wispy, serial_shops, shop
D:5:      layout_cave_pools, serial_gnoll_camp, gnoll_camp_mini_house,
          gnoll_camp_mini_shop, gnoll_camp_mini_house, gnoll_camp_medium_02,
          gnoll_camp_mini_loothouse, gnoll_camp_mini_hut,
          kennysheep_generic_room_4

Skill      XL: |  1  2  3  4  5  6 |
---------------+-------------------+-----
Air Magic      | 5 6 |  6.9
Conjurations   | 2 3 |  3.0
Fighting       | 1 |  1.8
Dodging        | 3 |  3.0
Spellcasting   | 3 |  3.1
Maces & Flails | |  0.1
Stealth        | |  2.3

Action                     |  1- 3 |  4- 6 || total
---------------------------+-------+-------++-------
  Melee: Unarmed           |    12 |       ||    12
         Peck              |     7 |       ||     7
         Kick              |     4 |     1 ||     5
         Dire flail        |     5 |       ||     5
         Short sword       |       |     2 ||     2
   Cast: Shock             |    97 |    70 ||   167
         Static Discharge  |       |     7 ||     7
         Airstrike         |       |     1 ||     1
 Armour: Robe              |    11 |    24 ||    35
  Dodge: Dodged            |    16 |    16 ||    32

Table legend: (Time is in decaauts)
 A = Elapsed time spent in this place.
 B = Non-inter-level travel time spent in this place.
 C = Inter-level travel time spent in this place.
 D = Time resting spent in this place.
 E = Time spent auto-exploring this place.
 F = Levels seen in this place.
 G = Mean time per level.
                   A        B        C        D        E       F      G
               +--------+--------+--------+--------+--------+-----+--------+
         Total |   4389 |   4234 |    155 |     26 |   3733 |   5 |  877.8 |
       Dungeon |   4389 |   4234 |    155 |     26 |   3733 |   5 |  877.8 |
               +--------+--------+--------+--------+--------+-----+--------+

Top non-repeatable levels by time:
     D:3: 1231 daAuts
     D:1: 1222 daAuts
     D:2: 1096 daAuts
     D:4: 830 daAuts
     D:5: 8 daAuts
